| TOP OF THE 1ST |
|
Beloit Snappers batting - Pitching for Burlington Bees : RHP Jon Trujillo
|
|
Pitching: RHP Jon Trujillo
|
|
|
Batting: RHB Manny Moron
|
0-0: Foul Ball, location: 2F 0-1: Foul Ball, location: 2F 0-2: Strikes out swinging
|
|
Batting: RHB Moses Brokken
|
0-0: Fly out, F7 (Line Drive, 7S, EV 93.1 MPH)
|
|
Batting: LHB Nate Melendez
|
0-0: Ball 1-0: Ground out 6-3 (Groundball, 6, EV 96.9 MPH)
|
| Top of the 1st over - 0 runs, 0 hits, 0 errors, 0 left on base; Beloit 0 - Burlington 0 |
| BOTTOM OF THE 1ST |
|
Burlington Bees batting - Pitching for Beloit Snappers : RHP Caleb Hansberger
|
|
Pitching: RHP Caleb Hansberger
|
|
|
Batting: RHB Ivan Barrientos
|
0-0: Swinging Strike 0-1: Ball 1-1: Ball 2-1: Ball 3-1: Ground out 4-3 (Groundball, 4, EV 103.1 MPH)
|
|
Batting: RHB Scott Webb
|
0-0: DOUBLE (Line Drive, 78XD, EV 104.4 MPH)
|
|
Batting: LHB Ramon Garduno
|
0-0: Called Strike 0-1: Ball 1-1: Foul Ball, location: 2F 1-2: Foul Ball, location: 2F 1-2: Ball 2-2: Fly out, F7 (Line Drive, 78M, EV 90.0 MPH)
|
|
Batting: RHB Peter Westover
|
0-0: Ball 1-0: Fly out, F3 (Popup, 34S, EV 81.2 MPH)
|
| Bottom of the 1st over - 0 runs, 1 hit, 0 errors, 1 left on base; Beloit 0 - Burlington 0 |
| TOP OF THE 2ND |
|
Beloit Snappers batting - Pitching for Burlington Bees : RHP Jon Trujillo
|
|
Batting: RHB Rafael Alarcon
|
0-0: Ball 1-0: Called Strike 1-1: Called Strike 1-2: DOUBLE (Line Drive, 89D, EV 104.4 MPH)
|
|
Batting: RHB Walt Alaniz
|
0-0: Ball 1-0: SINGLE (Groundball, 5S, EV 65.6 MPH) (infield hit) Rafael Alarcon to third
|
|
Batting: RHB Chris Temple
|
0-0: Ball 1-0: Called Strike 1-1: Grounds into double play, 4-6-3 (Groundball, 34D, EV 87.5 MPH) Rafael Alarcon scores
|
|
Batting: RHB Shannon Beck
|
0-0: Called Strike 0-1: Foul Ball, location: 2F 0-2: Strikes out swinging
|
| Top of the 2nd over - 1 run, 2 hits, 0 errors, 0 left on base; Beloit 1 - Burlington 0 |
| BOTTOM OF THE 2ND |
|
Burlington Bees batting - Pitching for Beloit Snappers : RHP Caleb Hansberger
|
|
Batting: RHB Rory Cobb
|
0-0: Ball 1-0: Called Strike 1-1: Swinging Strike 1-2: Ground out 6-3 (Groundball, 6, EV 81.9 MPH)
|
|
Batting: RHB Dan Myers
|
0-0: Ball 1-0: Called Strike 1-1: Swinging Strike 1-2: Ground out 3-1 (Groundball, 34, EV 103.8 MPH)
|
|
Batting: LHB Mario Anguiano
|
0-0: Foul Ball, location: 2F 0-1: Ground out 2-3 (Groundball, 2R, EV 62.5 MPH)
|
| Bottom of the 2nd over - 0 runs, 0 hits, 0 errors, 0 left on base; Beloit 1 - Burlington 0 |
| TOP OF THE 3RD |
|
Beloit Snappers batting - Pitching for Burlington Bees : RHP Jon Trujillo
|
|
Batting: RHB Emiel Schlepers
|
0-0: SINGLE (Line Drive, 9S, EV 111.9 MPH)
|
|
Batting: RHB Mike Gangi
|
0-0: Ball 1-0: Foul Ball, location: 2F 1-1: Ball 2-1: Ball 3-1: Fly out, F8 (Line Drive, 89S, EV 96.2 MPH)
|
|
Batting: RHB Manny Moron
|
0-0: Called Strike 0-1: Ball Emiel Schlepers is caught stealing 2nd base 2-4 1-1: Ball 2-1: Fly out, F4 (Popup, 34S, EV 64.4 MPH)
|
| Top of the 3rd over - 0 runs, 1 hit, 0 errors, 0 left on base; Beloit 1 - Burlington 0 |
| BOTTOM OF THE 3RD |
|
Burlington Bees batting - Pitching for Beloit Snappers : RHP Caleb Hansberger
|
|
Batting: RHB Malachi Ephron
|
0-0: SINGLE (Groundball, 6MD, EV 95.0 MPH)
|
|
Batting: SHB Tim Connell
|
0-0: Foul Ball, location: 2F 0-1: Foul Ball, location: 2F 0-2: Ball 1-2: Foul Ball, location: 2F 1-2: Ball 2-2: Ball 3-2: SINGLE (Groundball, 3D, EV 100.0 MPH) Malachi Ephron to second
|
|
Batting: RHB Ivan Barrientos
|
0-0: Ball 1-0: Foul Ball, location: 2F 1-1: Ball 2-1: Foul Ball, location: 2F 2-2: Foul Ball, location: 2F 2-2: Ball 3-2: SINGLE (Line Drive, 9LS, EV 103.8 MPH) Malachi Ephron to third Tim Connell to second
|
|
Batting: RHB Scott Webb
|
0-0: Foul Ball, location: 2F 0-1: Swinging Strike 0-2: Strikes out looking
|
|
Batting: LHB Ramon Garduno
|
0-0: Ball 1-0: Foul Ball, location: 2F 1-1: Foul Ball, location: 2F 1-2: Fly out, F5 (Popup, 5SF, EV 79.4 MPH)
|
|
Batting: RHB Peter Westover
|
0-0: Fly out, F8 (Line Drive, 8RS, EV 85.0 MPH)
|
| Bottom of the 3rd over - 0 runs, 3 hits, 0 errors, 3 left on base; Beloit 1 - Burlington 0 |
| TOP OF THE 4TH |
|
Beloit Snappers batting - Pitching for Burlington Bees : RHP Jon Trujillo
|
|
Batting: RHB Moses Brokken
|
0-0: Called Strike 0-1: Called Strike 0-2: Strikes out swinging
|
|
Batting: LHB Nate Melendez
|
0-0: Ball 1-0: Foul Ball, location: 2F 1-1: Called Strike 1-2: Fly out, F9 (Line Drive, 89M, EV 106.9 MPH)
|
|
Batting: RHB Rafael Alarcon
|
0-0: Ball 1-0: Called Strike 1-1: Foul Ball, location: 2F 1-2: Ball 2-2: Foul Ball, location: 2F 2-2: Fly out, F7 (Flyball, 7S, EV 85.6 MPH)
|
| Top of the 4th over - 0 runs, 0 hits, 0 errors, 0 left on base; Beloit 1 - Burlington 0 |
| BOTTOM OF THE 4TH |
|
Burlington Bees batting - Pitching for Beloit Snappers : RHP Caleb Hansberger
|
|
Batting: RHB Rory Cobb
|
0-0: Ball 1-0: Ball 2-0: Foul Ball, location: 2F 2-1: Called Strike 2-2: Ground out 4-3 (Groundball, 4M, EV 80.6 MPH)
|
|
Pitching: LHP Alex Shannon
|
|
|
Batting: RHB Dan Myers
|
0-0: Ball 1-0: Ground out 4-3 (Groundball, 4, EV 82.5 MPH)
|
|
Batting: LHB Mario Anguiano
|
0-0: Ball 1-0: Ball 2-0: Foul Ball, location: 2F 2-1: Called Strike 2-2: Ball 3-2: Foul Ball, location: 2F 3-2: Foul Ball, location: 2F 3-2: Base on Balls
|
|
Batting: RHB Malachi Ephron
|
0-0: Ball 1-0: Ball 2-0: Called Strike 2-1: Foul Ball, location: 2F 2-2: Foul Ball, location: 2F 2-2: Ball 3-2: Base on Balls Mario Anguiano to second
|
|
Batting: SHB Tim Connell
|
0-0: Ball 1-0: Ball 2-0: Ball 3-0: Called Strike 3-1: Foul Ball, location: 2F 3-2: Strikes out looking
|
| Bottom of the 4th over - 0 runs, 0 hits, 0 errors, 2 left on base; Beloit 1 - Burlington 0 |
| TOP OF THE 5TH |
|
Beloit Snappers batting - Pitching for Burlington Bees : RHP Jon Trujillo
|
|
Batting: RHB Walt Alaniz
|
0-0: Hit by Pitch
|
|
Batting: RHB Chris Temple
|
0-0: Ball 1-0: Ball Balk! Walt Alaniz to second 2-0: Swinging Strike 2-1: Ball Passed Ball! Walt Alaniz to third 3-1: Ground out 4-3 (Groundball, 4, EV 80.6 MPH)
|
|
Batting: RHB Shannon Beck
|
0-0: Ball 1-0: Called Strike 1-1: Swinging Strike 1-2: Strikes out looking
|
|
Batting: RHB Emiel Schlepers
|
0-0: Ball 1-0: Ground out 6-3 (Groundball, 6, EV 100.6 MPH)
|
| Top of the 5th over - 0 runs, 0 hits, 0 errors, 1 left on base; Beloit 1 - Burlington 0 |
| BOTTOM OF THE 5TH |
|
Burlington Bees batting - Pitching for Beloit Snappers : LHP Alex Shannon
|
|
Batting: RHB Ivan Barrientos
|
0-0: Called Strike 0-1: Foul Ball, location: 2F 0-2: Ball 1-2: Ball 2-2: DOUBLE (Line Drive, 5D, EV 100.0 MPH)
|
|
Batting: RHB Scott Webb
|
0-0: Ball 1-0: Called Strike 1-1: Ball 2-1: Ball 3-1: Fly out, F9 (Line Drive, 9, EV 89.4 MPH)
|
|
Batting: LHB Ramon Garduno
|
0-0: Ball 1-0: Called Strike 1-1: Ball 2-1: Foul Ball, location: 2F 2-2: Strikes out looking
|
|
Batting: RHB Peter Westover
|
0-0: Ball 1-0: Ball 2-0: Called Strike 2-1: Foul Ball, location: 2F 2-2: Ground out U3 (Groundball, 3S, EV 91.2 MPH)
|
| Bottom of the 5th over - 0 runs, 1 hit, 0 errors, 1 left on base; Beloit 1 - Burlington 0 |
| TOP OF THE 6TH |
|
Beloit Snappers batting - Pitching for Burlington Bees : RHP Jon Trujillo
|
|
Batting: RHB Mike Gangi
|
0-0: Ball 1-0: SINGLE (Groundball, 4D, EV 106.9 MPH)
|
|
Batting: RHB Manny Moron
|
0-0: Called Strike 0-1: Ball 1-1: Ball 2-1: Foul Ball, location: 2F 2-2: Ground out 5-3 (Groundball, 56, EV 90.6 MPH) Mike Gangi to second
|
|
Batting: RHB Moses Brokken
|
0-0: Called Strike 0-1: Ball 1-1: Called Strike 1-2: Fly out, F8 (Flyball, 89D, EV 85.0 MPH) Runner from 2nd tags up, SAFE at 3rd, no throw by CF
|
|
Batting: LHB Nate Melendez
|
0-0: Ball 1-0: Ball 2-0: Ball 3-0: Ground out 3-1 (Groundball, 34, EV 86.9 MPH)
|
| Top of the 6th over - 0 runs, 1 hit, 0 errors, 1 left on base; Beloit 1 - Burlington 0 |
| BOTTOM OF THE 6TH |
|
Burlington Bees batting - Pitching for Beloit Snappers : LHP Alex Shannon
|
|
Batting: RHB Rory Cobb
|
0-0: Foul Ball, location: 2F 0-1: Foul Ball, location: 2F 0-2: Ground out 4-3 (Groundball, 4, EV 83.1 MPH)
|
|
Batting: RHB Dan Myers
|
0-0: Ball 1-0: Foul Ball, location: 2F 1-1: Ball 2-1: Foul Ball, location: 2F 2-2: DOUBLE (Groundball, 5L, EV 105.6 MPH)
|
|
Batting: LHB Mario Anguiano
|
0-0: Fly out, F5 (Line Drive, 5, EV 74.4 MPH)
|
|
Batting: RHB Malachi Ephron
|
0-0: Called Strike 0-1: Called Strike 0-2: Strikes out swinging
|
| Bottom of the 6th over - 0 runs, 1 hit, 0 errors, 1 left on base; Beloit 1 - Burlington 0 |
| TOP OF THE 7TH |
|
Beloit Snappers batting - Pitching for Burlington Bees : RHP Jon Trujillo
|
|
Batting: RHB Rafael Alarcon
|
0-0: Foul Ball, location: 2F 0-1: Foul Ball, location: 2F 0-2: Hit by Pitch
|
|
Batting: RHB Walt Alaniz
|
0-0: Called Strike 0-1: Hit by Pitch Rafael Alarcon to second
|
|
Batting: RHB Chris Temple
|
0-0: Ball 1-0: Ball 2-0: Grounds into double play, 6-4-3 (Groundball, 6, EV 85.6 MPH) Rafael Alarcon to third
|
|
Batting: RHB Shannon Beck
|
0-0: Ball 1-0: Foul Ball, location: 2F 1-1: SINGLE (Groundball, 56, EV 96.2 MPH) Rafael Alarcon scores
|
|
Batting: RHB Emiel Schlepers
|
0-0: Foul Ball, location: 2F 0-1: Called Strike 0-2: Ball 1-2: Strikes out swinging
|
| Top of the 7th over - 1 run, 1 hit, 0 errors, 1 left on base; Beloit 2 - Burlington 0 |
| BOTTOM OF THE 7TH |
|
Burlington Bees batting - Pitching for Beloit Snappers : LHP Alex Shannon
|
|
Pitching: RHP Kyle Rasor
|
|
|
Batting: SHB Tim Connell
|
0-0: Called Strike 0-1: Ball 1-1: Ball 2-1: Swinging Strike 2-2: Strikes out swinging
|
|
Batting: RHB Ivan Barrientos
|
0-0: Ground out 6-3 (Groundball, 56, EV 107.5 MPH)
|
|
Batting: RHB Scott Webb
|
0-0: Foul Ball, location: 2F 0-1: Ball 1-1: Ball 2-1: Swinging Strike 2-2: Strikes out swinging
|
| Bottom of the 7th over - 0 runs, 0 hits, 0 errors, 0 left on base; Beloit 2 - Burlington 0 |
| TOP OF THE 8TH |
|
Beloit Snappers batting - Pitching for Burlington Bees : RHP Jon Trujillo
|
|
Batting: RHB Mike Gangi
|
0-0: Ground out 1-3 (Groundball, 13, EV 71.2 MPH)
|
|
Batting: RHB Manny Moron
|
0-0: Swinging Strike 0-1: Ball 1-1: SINGLE (Groundball, 5S, EV 68.1 MPH) (infield hit)
|
|
Batting: RHB Moses Brokken
|
0-0: Ball 1-0: Called Strike 1-1: Called Strike 1-2: Ball 2-2: Foul Ball, location: 2F 2-2: Foul Ball, location: 2F 2-2: Foul Ball, location: 2F 2-2: Ground out 5-3 (Groundball, 56S, EV 65.0 MPH) Manny Moron to second
|
|
Pitching: RHP Chris DePalma
|
|
|
Batting: LHB Nate Melendez
|
0-0: Ball 1-0: Ball 2-0: Called Strike 2-1: Ball 3-1: Called Strike 3-2: Foul Ball, location: 2F 3-2: Strikes out swinging
|
| Top of the 8th over - 0 runs, 1 hit, 0 errors, 1 left on base; Beloit 2 - Burlington 0 |
| BOTTOM OF THE 8TH |
|
Burlington Bees batting - Pitching for Beloit Snappers : RHP Kyle Rasor
|
|
Batting: LHB Ramon Garduno
|
0-0: Ball 1-0: Foul Ball, location: 2F 1-1: Foul Ball, location: 2F 1-2: Strikes out swinging
|
|
Batting: RHB Peter Westover
|
0-0: Called Strike 0-1: Foul Ball, location: 2F 0-2: Ball 1-2: Ball 2-2: Ball 3-2: Strikes out swinging
|
|
Batting: RHB Rory Cobb
|
0-0: Ball 1-0: Called Strike 1-1: Ball 2-1: Ball 3-1: Swinging Strike 3-2: Strikes out swinging
|
| Bottom of the 8th over - 0 runs, 0 hits, 0 errors, 0 left on base; Beloit 2 - Burlington 0 |
| TOP OF THE 9TH |
|
Beloit Snappers batting - Pitching for Burlington Bees : RHP Chris DePalma
|
|
Batting: RHB Rafael Alarcon
|
0-0: Fly out, F8 (Flyball, 89D, EV 88.8 MPH)
|
|
Batting: RHB Walt Alaniz
|
0-0: Ball 1-0: Ball 2-0: Ball 3-0: Called Strike 3-1: Foul Ball, location: 2F 3-2: Base on Balls
|
|
Batting: RHB Chris Temple
|
0-0: Ball 1-0: Ground out 4-3 (Groundball, 34, EV 90.0 MPH) Walt Alaniz to second
|
|
Batting: RHB Shannon Beck
|
0-0: Ball 1-0: Called Strike 1-1: Ball 2-1: Ball 3-1: Swinging Strike 3-2: Foul Ball, location: 2F 3-2: Strikes out swinging
|
| Top of the 9th over - 0 runs, 0 hits, 0 errors, 1 left on base; Beloit 2 - Burlington 0 |
| BOTTOM OF THE 9TH |
|
Burlington Bees batting - Pitching for Beloit Snappers : RHP Kyle Rasor
|
|
Pitching: LHP Cory Yeary
|
|
|
Batting: RHB Dan Myers
|
0-0: Ball 1-0: Ground out 5-3 (Groundball, 56S, EV 89.4 MPH)
|
|
Batting: SHB Danny Gelinas
|
0-0: Ball 1-0: DOUBLE (Line Drive, 8LD, EV 95.0 MPH)
|
|
Batting: RHB Malachi Ephron
|
0-0: Called Strike 0-1: Ball 1-1: Fly out, F7 (Flyball, 7LS, EV 93.1 MPH)
|
|
Batting: SHB Tim Connell
|
0-0: Ball 1-0: Called Strike 1-1: Foul Ball, location: 2F 1-2: Strikes out looking
|
| Bottom of the 9th over - 0 runs, 1 hit, 0 errors, 1 left on base; Beloit 2 - Burlington 0 |
|